Unix NetHack Version 5.0.0-0 post-release - last build May 10 2026 23:12:36 (d1fa5d53e341ca933230fdaa984d921c805b60aa,branch:main).

Game began 2026-05-11 13:44:16, ended 2026-05-11 20:51:13.

Hekik, neutral male gnomish Wizard

                       #--------------------------------
                       #|....................).........|
                       #|.-|------{.{.----....--|-----.|
                       #|.|..|(((|....|?[|....|..|...|.|
                       #|.|..|((.|....|%!|....|..|...-.|    ----------
                       #|.|..|...|....|.+|....-------|.|    |........|
                       #|.|-----|-....-|--...)..|....|.|    |....)...|
                       #|.|..|...).........-|--.-....|.|    |>.......|
                       #|.|..-.......{..-|-|..|.|.._.|.-####.........|
           -------     #|.----....---|-.|..|..|.|....|.|    ----------
           |.....|     #|(........| ..|.|..|..|.-----|.|
           |.....|     #|......---|...||------|..|...|.|
           |<.....######|......|..|...|....|.f|..%...|.|
           ------- #    |......|..|...|....|.@-..|...|.|
                   #### |......--|-------------..-----.|
                      ##........................)......|
                        --------------------------------

Hekik the Thaumaturge     St:13 Dx:14 Co:16 In:19 Wi:12 Ch:10  Neutral
Dlvl:7  $:487 HP:0(44) Pw:20(62) AC:6  Xp:7/1033 T:5399  Burdened

Latest messages:
 You kill it!
 There are many objects here.
 You destroy the manes!
 You have a little trouble lifting G - a rusty iron skull cap.
 E - a scroll labeled EIRIS SAZUN IDISI.
 y - a scroll labeled NR 9.
 l - a spellbook of slow monster.
 F - an emerald potion.
 q - a magenta potion.
 You learn more about your items by comparing them.
 g - an uncursed potion of water (3 in total).
 P - a wand of digging.
 Q - a wand of digging.
 Catbert bites the acid blob.
 The acid blob is killed!
 Catbert is splashed by the acid blob's acid!
 There are several objects here.
 You hear someone cursing shoplifters.
 Catbert misses the watchman.
 You swap places with the peaceful watchman.
 You see here a poisoned dart.
 You experience a sense of peace.
 You see here a poisoned dart.
 You have a little trouble lifting S - a poisoned dart.
 What do you want to drop? [$a-zA-UW-Z or ?*]
 You drop a poisoned dart.
 You see here a poisoned dart.
 You see here a poisoned dart.
 This door is locked.
 Unlock it with your key? [ynq] (q)
 You succeed in unlocking the door.
 The door opens.
 The lynx hits!
 The lynx hits again!
 The lynx bites!
 The lynx hits!
 The lynx hits again!
 The lynx bites!
 The lynx hits!
 The lynx hits again!
 The lynx bites!
 The lynx hits!
 The lynx hits again!
 The lynx bites!
 You die...
 Do you want your possessions identified? [ynq] (y)
 Do you want to see your attributes? [ynq] (y)
 Do you want an account of creatures vanquished? [ynaq] (y)
 Do you want to see your conduct and achievements? [ynq] (y)
 Do you want to see the dungeon overview? [ynq] (y)

Inventory:
 Coins    ('$')
  $ - 487 gold pieces
 Weapons  (')')
  u - an uncursed +0 dagger (weapon in right hand)
  M - 2 uncursed +0 daggers (at the ready)
  a - a blessed +1 quarterstaff (alternate weapon; not wielded)
 Armor    ('[')
  G - an uncursed rusty +0 orcish helm
  i - an uncursed +0 pair of leather gloves (being worn)
  b - an uncursed rotted +0 cloak of magic resistance (being worn)
  I - an uncursed +0 studded leather armor (being worn)
 Comestibles  ('%')
  w - an uncursed tripe ration
 Scrolls  ('?')
  X - an uncursed scroll of blank paper
  f - an uncursed scroll of confuse monster
  v - an uncursed scroll of destroy armor
  U - a cursed scroll of enchant armor
  j - 2 uncursed scrolls of enchant weapon
  E - an uncursed scroll of food detection
  h - an uncursed scroll of genocide
  y - an uncursed scroll of light
  R - an uncursed scroll of remove curse
  t - 2 uncursed scrolls of teleportation
 Spellbooks  ('+')
  B - an uncursed spellbook of clairvoyance
  k - a blessed spellbook of force bolt
  O - an uncursed spellbook of healing
  K - an uncursed spellbook of magic missile
  l - an uncursed spellbook of slow monster
 Potions  ('!')
  Y - an uncursed potion of booze
  o - an uncursed potion of extra healing
  q - an uncursed potion of fruit juice
  p - an uncursed potion of gain energy
  A - an uncursed potion of hallucination
  z - an uncursed potion of monster detection
  N - a cursed potion of monster detection
  x - a blessed potion of object detection
  F - an uncursed potion of object detection
  H - an uncursed potion of restore ability
  L - an uncursed potion of sickness
  g - 3 uncursed potions of water
 Rings    ('=')
  Z - an uncursed +1 ring of adornment
  J - an uncursed ring of free action named uncursed
  d - an uncursed +1 ring of increase damage
  e - an uncursed ring of stealth
 Wands    ('/')
  W - an uncursed wand of cancellation (0:4)
  Q - an uncursed wand of digging (0:7)
  P - a cursed wand of digging (0:6)
  s - an uncursed wand of magic missile (0:4)
  c - an uncursed wand of undead turning (0:8)
 Tools    ('(')
  T - an uncursed magic harp (0:6)
  r - an uncursed leash
  n - an uncursed lock pick
  m - an uncursed magic marker (0:22)
  D - an uncursed oil lamp
  C - an uncursed skeleton key

Hekik the Wizard's attributes:

Background:
 You were a Thaumaturge, a level 7 male gnomish Wizard.
 You were neutral, on a mission for Thoth
 who was opposed by Ptah (lawful) and Anhur (chaotic).
 You were right-handed.
 You were in the Gnomish Mines, on level 7.
 You entered the dungeon 5399 turns ago.
 You had 1033 experience points, 247 more were needed to attain level 8.

Basics:
 You had 0 out of 44 hit points.
 You had 20 out of 62 energy points (spell power).
 Your armor class was 6.
 Your wallet contained 487 zorkmids.
 Autopickup was off.

Final Characteristics:
 Your strength was 13 (limit:18/50).
 Your dexterity was 14 (limit:18).
 Your constitution was 16 (limit:18).
 Your intelligence was 19 (limit:19).
 Your wisdom was 12 (limit:18).
 Your charisma was 10 (limit:18).

Final Status:
 You weren't hungry.
 You were burdened; movement was slightly slowed.
 You were wielding a dagger.
 You were skilled in dagger.

Final Attributes:
 You were piously aligned.
 You were magic-protected.
 You were poison resistant.
 You were telepathic.
 You had infravision.
 You were warded.
 You were fast.
 You are dead.

Miscellaneous:
 You didn't encounter any bones levels.
 Total elapsed playing time was 3 hours, 52 minutes and 17 seconds.

Major events:
 Turn
    1: Hekik the neutral male gnomish Wizard entered the dungeon
 1013: entered the Gnomish Mines
 1048: attained the rank of Conjurer (level 3)
 3458: attained the rank of Thaumaturge (level 6)
 3895: consulted the Oracle
 4907: reached Mine Town
 5399: killed by a lynx

Spells:
 Name                 Level Category     Fail Retention
 force bolt             1   attack         0%   71%-75%
 slow monster           2   enchantment    0%   71%-80%
 healing                1   healing        0%  76%-100%
 magic missile          2   attack         0%   86%-90%
 clairvoyance           3   divination    71%  76%-100%

Skills:
 Fighting Skills
   bare handed combat [Unskilled]
   riding             [Unskilled]
 Weapon Skills
   dagger             [Skilled]
   knife              [Unskilled]
   axe                [Unskilled]
   short sword        [Unskilled]
   club               [Unskilled]
   mace               [Unskilled]
   quarterstaff       [Basic]
   polearms           [Unskilled]
   spear              [Unskilled]
   trident            [Unskilled]
   sling              [Unskilled]
   dart               [Unskilled]
   shuriken           [Unskilled]
 Spellcasting Skills
   attack spells      [Skilled]
   healing spells     [Unskilled]
   divination spells  [Unskilled]
   enchantment spells [Basic]
   clerical spells    [Unskilled]
   escape spells      [Unskilled]
   matter spells      [Unskilled]

Voluntary challenges:
 Character rerolling was not enabled.
 You never genocided any monsters.
 You never polymorphed an object.
 You never changed form.
 You used no wishes.
Achievements:
 You entered a shop.
 You entered the Gnomish Mines.
 You attained the rank of Conjurer.
 You attained the rank of Thaumaturge.
 You consulted the Oracle of Delphi.
 You entered Minetown.
 You entered a temple.

 The Dungeons of Doom: levels 1 to 9
    Level 1:
    Level 2:
       A potion shop, a fountain.
    Level 3:
       Stairs down to The Gnomish Mines.
    Level 4:
    Level 5:
    Level 6:
       Some fountains.
    Level 7:
    Level 8:
       Many fountains.
       Oracle of Delphi.
    Level 9:
 The Gnomish Mines: levels 4 to 7
    Level 4:
    Level 5:
    Level 6:
    Level 7: <- You were here.
       Some shops, a temple and an altar to Thoth, some fountains, a sink.
       Final resting place for
          you, killed by a lynx.


Vanquished creatures:
  2 watchmen
  2 giant beetles
  2 leprechauns
 an orc mummy
  a brown pudding
  a werewolf
  a lizard
  a dust vortex
  a plains centaur
  a rope golem
  a Woodland-elf
 an imp
  a wood nymph
  2 water nymphs
 10 Uruk-hai
  a fog cloud
  2 yellow lights
  a shrieker
  2 violet fungi
  4 gnome leaders
  a kobold mummy
  a red naga hatchling
  2 gray oozes
  3 elf zombies
  a straw golem
  a paper golem
  a baby crocodile
  a giant ant
  2 floating eyes
  2 dwarves
  a homunculus
  2 kobold leaders
  3 kobold shamans
  3 hill orcs
  9 rothes
  2 rabid rats
  3 giant bats
  5 monkeys
  a dwarf zombie
  a wererat
  2 iguanas
  4 killer bees
 an acid blob
  a gas spore
  3 manes
  a hobgoblin
  a giant rat
  a cave spider
  a brown mold
  2 yellow molds
  a red mold
  4 gnomes
  8 garter snakes
  a gnome zombie
  4 geckos
  7 jackals
  a fox
  2 kobolds
  3 goblins
  2 sewer rats
  2 grid bugs
  9 lichens
  3 kobold zombies
  5 newts
152 creatures vanquished.

No species were genocided or became extinct.

Game over:
                       ----------
                      /          \
                     /    REST    \
                    /      IN      \
                   /     PEACE      \
                  /                  \
                  |      Hekik       |
                  |      487 Au      |
                  | killed by a lynx |
                  |                  |
                  |                  |
                  |                  |
                  |       2026       |
                 *|     *  *  *      | *
        _________)/\\_//(\/(/\)/\//\/|_)_______

Goodbye Hekik the Wizard...

You died in The Gnomish Mines on dungeon level 7 with 4992 points,
and 487 pieces of gold, after 5399 moves.
You were level 7 with a maximum of 44 hit points when you died.

